 Dungeon Crawl Stone Soup version 0.31.0-11-ge490571c62 (webtiles) character file.

Game seed: 6250008392869231893

11 protoss039 the Digger (level 2, 20/20 HPs)
             Began as a Demonspawn Earth Elementalist on Jan 31, 2024.
             Got out of the dungeon alive.
             The game lasted 00:00:29 (396 turns).

protoss039 the Digger (DsEE)                         Turns: 396, Time: 00:00:29

Health: 20/20      AC:  2    Str:  8    XL:     2   Next: 13%
Magic:  5/5        EV: 12    Int: 15    God:
Gold:   34         SH:  0    Dex: 13    Spells: 4/5 levels left

rFire   . . .        j - +1 spear (vamp)
rCold   . . .        (no shield)
rNeg    . . .        a - +0 robe
rPois   .            (no helmet)
rElec   .            (no cloak)
rCorr   .            (no gloves)
SInv    .            (no boots)
Will    .....        (no amulet)
Stlth   ++           (no ring)
HPRegen 0.23/turn    (no ring)
MPRegen 0.09/turn

%: no passive effects
@: no status effects
A: demonic guardian 1
a: no special abilities


You escaped.
You visited 1 branch of the dungeon, and saw 1 of its levels.

You collected 34 gold pieces.

Inventory:

Hand Weapons
 j - a +1 vampiric spear (weapon)
Armour
 a - a +0 robe (worn)
Scrolls
 c - a scroll of teleportation {unknown}
 d - a scroll of blinking {unknown}
 f - a scroll of fear {unknown}
 i - a scroll of poison {unknown}
Potions
 b - a potion of magic
 e - a potion of enlightenment {unknown}
 g - a potion of curing {unknown}
 h - a potion of degeneration {unknown}


   Skills:
 + Level 0.9 Fighting
 - Level 1.7 Dodging
 - Level 1.7 Stealth
 + Level 2.2 Spellcasting
 - Level 1.0 Conjurations
 + Level 2.9 Earth Magic


You had 4 spell levels left.
You knew the following spells:

 Your Spells              Type           Power      Damage    Failure   Level
a - Sandblast             Erth           20%        2d7       6%          1

Your spell library contained the following spells:

 Spells                   Type           Power      Damage    Failure   Level
 Passwall                 Erth           10%        N/A       19%         3
 Stone Arrow              Conj/Erth      14%        3d7       28%         3
 Brom's Barrelling Bould  Conj/Erth      7%         2d3       67%         4
 Petrify                  Alch/Erth      6%         N/A       75%         4


Dungeon Overview and Level Annotations

Branches:
Dungeon (1/15) Zot: 5599

Altars:


Innate Abilities, Weirdness & Mutations

A weak demonic guardian rushes to your aid.


Message History

You feel the presence of a demonic guardian.
Casting: Sandblast (safe; 7% risk of failure)
Confirm with . or Enter, or press ? or * to list all spells.
Aiming: Sandblast (safe; 7% risk of failure)
Press: ? - help, Shift-Dir - straight line, f - giant cockroach
Aim: a giant cockroach (82% to hit)
The blast of sand hits the giant cockroach!
You kill the giant cockroach!
Unknown command.
Casting: Sandblast (safe; 7% risk of failure)
Confirm with . or Enter, or press ? or * to list all spells.
You don't have enough magic to cast this spell.
Unknown command.
Unknown command.
You closely miss the ball python. The ball python bites you.
The ball python grabs you. The ball python constricts you.
A demonic guardian appears!
Unknown command.
You hit the ball python.
The ball python is severely wounded.
The ball python closely misses you. The ball python constricts you.
The ball python bites you. The ball python constricts you.
Unknown command.
You closely miss the ball python.
The ball python is severely wounded.
The ball python bites you. The ball python constricts you.
You hit the ball python.
You kill the ball python!
No target in view!
Unknown command.
Things that are here:
a ball python corpse; a giant cockroach corpse You open the door.
Your iron imp disappears in a puff of smoke!
There is an open door here.
There is a large open door here.
There is a large open door here.
There is an open door here.
There is a staircase leading out of the dungeon here.
You have escaped!

.........#.#.##.#..... #.#.......
.....÷...#.#.##.###.##.#.#.###...
.........#.#...........#.#.#.....
.........#..........#..#.#.#.#.##
.........#..........#..#.#.......
#####.#.............#..#.#...#...
≈≈≈≈≈#####≈≈≈≈≈≈≈≈≈.#....#...####
####≈#~♣~#≈#######≈..............
####8####8...@#≈........#.####
+.......'.....#≈.#..#...#.#
##8#'#8##8...8#≈.#..#...#.#
###'######'###≈.#..#.....#
#♣♣.....♣♣##.#~#≈.#..#..######
♣~.......~♣#.8♣♣≈.#..#.......#
#.........#8.#~#≈.......####.#
#...~♣~...##.###≈.......#
+...♣8♣...++..''..##.#..#


There were no monsters in sight!

Vanquished Creatures
  2 ball pythons (D:1)
  An endoplasm (D:1)
  A giant cockroach (D:1)
  2 goblins (D:1)
  A hobgoblin (D:1)
  A quokka (D:1)
  A bat (D:1)
9 creatures vanquished.

Notes
Turn   | Place    | Note
-------+----------+-------------------------------------------
     0 | D:1      | protoss039 the Demonspawn Earth Elementalist began the
                  | quest for the Orb.
     0 | D:1      | Reached XP level 1. HP: 13/13 MP: 3/3
   305 | D:1      | Gained mutation: A weak demonic guardian rushes to your
                  | aid. [demonic ancestry]
   305 | D:1      | Reached XP level 2. HP: 20/20 MP: 1/5
   396 | D:$      | Got out of the dungeon alive.

Illustrated notes

Levels and vault maps discovered:
D:1:      saegor_arrival_fortress, layout_basic, skrybe_limestone_x

Action                     || total
---------------------------++-------
  Melee: Spear             ||     9
   Cast: Sandblast         ||    10
 Armour: Robe              ||     7
  Dodge: Dodged            ||     8
